[Event "Titled Tuesday Blitz April 12 Early 2022"]
[White "Kucuksari, Kaan"]
[Black "Fernandez Siles, Luis"]
[WhiteFideId "6380166"]
[BlackFideId "2209420"]
[WhiteElo "2305"]
[BlackElo "2212"]
[Result "1-0"]
[Round "04"]
[TimeControl "180+1"]
[Date "2022.04.13"]
[WhiteClock "0:02:57"]
[BlackClock "0:02:07"]

1. d4 g6 2. e4 Bg7 3. Nf3 d5 4. exd5 Nf6 5. c4 O-O 6. Be2 c6 7. dxc6 bxc6 8. O-O Bf5 9. Nc3 Nbd7 10. b3 Ne4 11. Nxe4 Bxe4 12. Be3 c5 13. dxc5 Bxa1 14. Qxa1 Qc7 15. Bh6 f6 16. Bxf8 Nxf8 17. Qd4 Bc6 18. b4 e5 19. Qe3 Ne6 20. b5 Bxf3 21. Bxf3 Rd8 22. Bd5 Re8 23. b6 axb6 24. cxb6 Qd6 25. b7 Kg7 26. a4 Nc5 27. a5 Nxb7 28. Bxb7 1-0


[Site "https://www.chess.com"]

[Event "Titled Tuesday Blitz April 12 Early 2022"]
[White "Lach, Aleksandra"]
[Black "Dang, Hoang Son"]
[WhiteFideId "1134299"]
[BlackFideId "12402435"]
[WhiteElo "2172"]
[BlackElo "2252"]
[Result "0-1"]
[Round "04"]
[TimeControl "180+1"]
[Date "2022.04.13"]
[WhiteClock "0:00:11"]
[BlackClock "0:00:09"]

1. e4 e5 2. Nc3 Nc6 3. Bc4 Bc5 4. Qg4 g6 5. Qf3 Qf6 6. Nd5 Qxf3 7. Nxf3 Bb6 8. c3 d6 9. d3 h6 10. Be3 Nce7 11. Bxb6 Nxd5 12. Bxd5 axb6 13. O-O-O Ne7 14. Bb3 f5 15. exf5 Bxf5 16. h3 g5 17. Rhe1 Kd7 18. d4 e4 19. Nd2 d5 20. f3 exf3 21. Nxf3 Rhf8 22. Ne5+ Kd6 23. c4 Be4 24. Rd2 c6 25. Ng4 h5 26. Ne3 b5 27. c5+ Kd7 28. a3 Rf6 29. Bd1 Rh8 30. Nf1 Nf5 31. g4 hxg4 32. Bxg4 Kc7 33. Rf2 Rhh6 34. Bxf5 Rxf5 35. Rxf5 Bxf5 36. Re7+ Kb8 37. Rg7 Bxh3 38. Ne3 Re6 39. Kd2 Re4 40. Kd3 g4 41. b3 Rf4 42. a4 b4 43. a5 Ka7 44. Rg6 Rf3 45. Ke2 Rf4 46. Kd3 Ka6 47. Rg7 Bf1+ 48. Kc2 Rf2+ 49. Kd1 Be2+ 50. Ke1 Rh2 51. Rg8 Ka7 52. Nxg4 Bxg4 53. Rxg4 Rh3 54. Kd2 Rxb3 55. Kc2 Ra3 56. Kb2 Ka6 57. Rg7 Rxa5 58. Kb3 Ra3+ 59. Kxb4 Re3 60. Rg4 Re4 61. Rg8 Rxd4+ 62. Kb3 Ka7 63. Kc3 Rc4+ 64. Kd3 Rxc5 65. Rg7 Rc4 66. Rg8 Kb6 67. Rg7 Rb4 68. Rg8 Kc5 69. Rg6 b5 70. Kc2 Rc4+ 71. Kd3 b4 72. Kd2 Rc3 73. Rg1 d4 74. Rb1 Kc4 75. Ra1 c5 76. Ra5 d3 77. Rb5 Kxb5 0-1


[Site "https://www.chess.com"]

[Event "Titled Tuesday Blitz April 12 Early 2022"]
[White "Lauridsen, Jesper Morch"]
[Black "Agasarov, Benik"]
[WhiteFideId "1401890"]
[BlackFideId "13314823"]
[WhiteElo "2323"]
[BlackElo "2524"]
[Result "0-1"]
[Round "04"]
[TimeControl "180+1"]
[Date "2022.04.13"]
[WhiteClock "0:00:02"]
[BlackClock "0:00:59"]

1. e4 e5 2. Nf3 Nc6 3. Nc3 Nf6 4. d4 exd4 5. Nd5 Be7 6. Bf4 d6 7. Nxd4 O-O 8. Nxf6+ Bxf6 9. Be3 Re8 10. Nxc6 bxc6 11. c3 Rxe4 12. Qf3 d5 13. Bd3 Bg4 14. Qg3 Be5 15. f4 Bxf4 16. Qxg4 Rxe3+ 17. Kf2 Qf6 18. Qf5 Qxf5 19. Bxf5 g6 20. Bd7 Rb8 21. Rab1 c5 22. g3 Bh6 23. Rhe1 d4 24. cxd4 cxd4 25. b3 Rb6 26. Rbd1 Rf6+ 27. Kg2 Rd6 28. Bg4 c5 29. Bf3 Ra6 30. a4 Rb6 31. Rxe3 Bxe3 32. Bd5 a5 33. Bc4 Rf6 34. Rf1 Kg7 35. Rxf6 Kxf6 36. Kf3 h5 37. h4 Ke7 38. g4 hxg4+ 39. Kxg4 f5+ 40. Kf3 Kf6 41. Bd3 Bd2 42. Bc4 Be1 43. h5 gxh5 44. Bd5 Ke5 45. Bb7 h4 46. Bc8 d3 47. Ke3 d2 48. Ke2 h3 49. Bb7 h2 50. Bh1 Kf4 51. Kd1 Ke3 52. Kc2 Kf2 53. b4 cxb4 54. Kd1 Kg1 0-1


[Site "https://www.chess.com"]

[Event "Titled Tuesday Blitz April 12 Early 2022"]
[White "Le Ruyet, Leopold"]
[Black "Kosakowski, Jakub"]
[WhiteFideId "645923"]
[BlackFideId "1185080"]
[WhiteElo "2276"]
[BlackElo "2454"]
[Result "0-1"]
[Round "04"]
[TimeControl "180+1"]
[Date "2022.04.13"]
[WhiteClock "0:00:03"]
[BlackClock "0:00:13"]

1. e4 c5 2. c3 Nf6 3. e5 Nd5 4. Nf3 e6 5. Bc4 d6 6. d4 cxd4 7. cxd4 Nc6 8. O-O Be7 9. Qe2 O-O 10. Rd1 Bd7 11. Nc3 Ncb4 12. Ne4 dxe5 13. dxe5 Rc8 14. a3 Qc7 15. Bb3 Nc6 16. Bg5 Bxg5 17. Nexg5 h6 18. Nh3 Nce7 19. Qe4 Qb6 20. Bc2 Nf5 21. Bd3 Bb5 22. Bb1 Rfd8 23. Re1 Rc4 24. Qe2 Nf4 25. Nxf4 Rxf4 26. Qc2 Bd3 27. Qd2 Rxf3 28. gxf3 Bxb1 29. Qf4 Bd3 30. Rad1 Rd4 31. Qc1 Qd8 32. Qc3 Nh4 33. Kh1 Qg5 34. Rg1 Qf4 35. Rg3 Nxf3 36. Rxd3 Rxd3 37. Qxd3 Nxe5 38. Qd8+ Kh7 39. Qd1 Qe4+ 0-1


[Site "https://www.chess.com"]

[Event "Titled Tuesday Blitz April 12 Early 2022"]
[White "Le, Tuan Minh"]
[Black "Kobalia, Mikhail"]
[WhiteFideId "12401153"]
[BlackFideId "4119150"]
[WhiteElo "2450"]
[BlackElo "2667"]
[Result "1-0"]
[Round "04"]
[TimeControl "180+1"]
[Date "2022.04.12"]
[WhiteClock "0:01:03"]
[BlackClock "0:01:32"]

1. d4 d5 2. Nf3 Nf6 3. Bf4 c5 4. c3 cxd4 5. cxd4 Nc6 6. Nc3 Nh5 7. Be5 f6 8. Bg3 e5 9. e3 e4 10. Nd2 Nxg3 11. hxg3 Be6 12. Qb3 Na5 13. Qb5+ Kf7 14. b4 Rc8 15. Ncxe4 dxe4 16. bxa5 Rc2 17. Bc4 Bxc4 18. Nxc4 Be7 19. Qb3 1-0


[Site "https://www.chess.com"]

[Event "Titled Tuesday Blitz April 12 Early 2022"]
[White "Legenia, Artem"]
[Black "Bilan, Danila"]
[WhiteFideId "14136945"]
[BlackFideId "24161918"]
[WhiteElo "1936"]
[BlackElo "2164"]
[Result "0-1"]
[Round "04"]
[TimeControl "180+1"]
[Date "2022.04.13"]
[WhiteClock "0:00:06"]
[BlackClock "0:00:37"]

1. c4 c6 2. b3 d5 3. e3 Nf6 4. Bb2 Bf5 5. cxd5 cxd5 6. d3 Nc6 7. a3 e6 8. Nf3 h6 9. Be2 Bd6 10. O-O O-O 11. Nbd2 Rc8 12. b4 Bb8 13. Re1 Bh7 14. Bf1 Qe7 15. e4 dxe4 16. dxe4 Rfd8 17. Qb3 Ng4 18. h3 Nge5 19. Nxe5 Nxe5 20. Nc4 Nxc4 21. Bxc4 Qc7 22. Rac1 Qh2+ 23. Kf1 Qh1+ 24. Ke2 Qxg2 25. Qe3 Qxe4 26. Qxe4 Bxe4 27. f3 Bf5 28. h4 Rxc4 0-1


[Site "https://www.chess.com"]

[Event "Titled Tuesday Blitz April 12 Early 2022"]
[White "Lewtak, Damian"]
[Black "Rabineau, Clement"]
[WhiteFideId "1141724"]
[BlackFideId "628891"]
[WhiteElo "2362"]
[BlackElo "2237"]
[Result "1-0"]
[Round "04"]
[TimeControl "180+1"]
[Date "2022.04.13"]
[WhiteClock "0:01:06"]
[BlackClock "0:00:01"]

1. e4 d6 2. Nf3 g6 3. Nc3 Bg7 4. d4 Nf6 5. h3 O-O 6. Be2 a6 7. a4 Nc6 8. d5 Ne5 9. Nxe5 dxe5 10. Be3 Re8 11. O-O e6 12. dxe6 Bxe6 13. Qc1 Qe7 14. Rd1 Rad8 15. b3 Qb4 16. Na2 Qxe4 17. Bf3 Qh4 18. Bxb7 a5 19. Rxd8 Rxd8 20. Qe1 Bd5 21. Rd1 Rd7 22. Bc8 Rd8 23. Ba6 Rd7 24. Nc3 Be6 25. Nb5 Rxd1 26. Qxd1 Bxh3 27. gxh3 Qxh3 28. Qd8+ Bf8 29. Qxf6 Qg4+ 30. Kh2 Qh5+ 31. Kg3 1-0


[Site "https://www.chess.com"]

[Event "Titled Tuesday Blitz April 12 Early 2022"]
[White "Lianes Garcia, Marcos"]
[Black "Estrada Nieto, Julian"]
[WhiteFideId "32060777"]
[BlackFideId "5101018"]
[WhiteElo "2310"]
[BlackElo "2252"]
[Result "1-0"]
[Round "04"]
[TimeControl "180+1"]
[Date "2022.04.13"]
[WhiteClock "0:00:55"]
[BlackClock "0:00:31"]

1. e4 e5 2. g3 Nc6 3. Bg2 Nf6 4. Ne2 d5 5. exd5 Nxd5 6. d4 exd4 7. Nxd4 Qe7+ 8. Kf1 Nxd4 9. Qxd4 Nf6 10. Bg5 Qd6 11. Bxf6 gxf6 12. Qe4+ Be7 13. Nc3 Qb4 14. Qxb4 Bxb4 15. Nd5 Bd6 16. Nxf6+ Kf8 17. Ne4 Be5 18. c3 Bf5 19. f4 Bxe4 20. Bxe4 Bd6 21. Kf2 Re8 22. Rhe1 c6 23. Rad1 Bc5+ 24. Kf3 Re7 25. Bf5 Rxe1 26. Rxe1 Kg7 27. Rd1 Re8 28. Be4 Re7 29. g4 a5 30. h4 h6 31. g5 hxg5 32. hxg5 f6 33. g6 a4 34. Rd2 Bb6 35. a3 Bc5 36. Bc2 b5 37. Kg4 Be3 38. Rh2 Kg8 39. Kf5 Rd7 40. Be4 Rd2 41. Rxd2 Bxd2 42. Bxc6 Bc1 43. Kxf6 Bxb2 44. Bd5+ 1-0


[Site "https://www.chess.com"]

[Event "Titled Tuesday Blitz April 12 Early 2022"]
[White "Liyanage, Ranindu Dilshan"]
[Black "Buscar, Michael"]
[WhiteFideId "9915834"]
[BlackFideId "2603616"]
[WhiteElo "1858"]
[BlackElo "2010"]
[Result "1-0"]
[Round "04"]
[TimeControl "180+1"]
[Date "2022.04.13"]
[WhiteClock "0:00:40"]
[BlackClock "0:00:02"]

1. b3 Nf6 2. Bb2 e6 3. g3 d5 4. Bg2 Be7 5. Nf3 O-O 6. c4 a5 7. O-O a4 8. Qc2 c6 9. d3 Nbd7 10. Nbd2 a3 11. Bc3 b5 12. Nd4 Qb6 13. b4 bxc4 14. dxc4 c5 15. bxc5 Bxc5 16. Rab1 Qa7 17. Nb5 Qa4 18. Qc1 Ba6 19. Nc7 Rab8 20. Nxa6 Qxa6 21. cxd5 Nxd5 22. Ne4 Qxe2 23. Rxb8 Rxb8 24. Nxc5 Nxc5 25. Qxa3 Nxc3 26. Qxc3 Nd7 27. a4 Nf8 28. a5 Qa6 29. Ra1 Rc8 30. Qb3 Rc5 31. Qb6 Qc8 32. a6 Nd7 33. Qb7 g6 34. a7 Rc1+ 35. Rxc1 Qxc1+ 36. Bf1 1-0


[Site "https://www.chess.com"]

[Event "Titled Tuesday Blitz April 12 Early 2022"]
[White "Lobachev, Yury"]
[Black "Aaditya Dhingra"]
[WhiteFideId "24138177"]
[BlackFideId "25678191"]
[WhiteElo "2309"]
[BlackElo "1849"]
[Result "0-1"]
[Round "04"]
[TimeControl "180+1"]
[Date "2022.04.13"]
[WhiteClock "0:00:02"]
[BlackClock "0:00:04"]

1. c4 e6 2. Nc3 d5 3. cxd5 exd5 4. d4 Be7 5. Nf3 c6 6. g3 Nf6 7. Bg2 O-O 8. O-O Re8 9. Bg5 Ne4 10. Bxe7 Qxe7 11. e3 Bf5 12. Nxe4 Bxe4 13. Nd2 Bxg2 14. Kxg2 Nd7 15. Rb1 a5 16. a3 a4 17. Rc1 f5 18. Nb1 Nf6 19. Nc3 b5 20. Ne2 Rac8 21. Nf4 Qe4+ 22. Kg1 g6 23. Qc2 Qf3 24. Qd1 Qe4 25. Qc2 g5 26. Nd3 Qg4 27. Ne5 Qh3 28. f3 Re6 29. Qg2 Qh6 30. Rc5 g4 31. f4 Ne4 32. Rc2 Qf8 33. Rfc1 Qe8 34. Kh1 h5 35. Kg1 h4 36. Kf1 Rh6 37. Ke2 hxg3 38. hxg3 Rh3 39. Kd3 Rxg3 40. Qh2 Rh3 41. Qg2 Rh6 42. Rh1 Qe6 43. Rcc1 c5 44. dxc5 Nxc5+ 45. Ke2 Rxh1 46. Qxh1 Ne4 47. Rxc8+ Qxc8 48. Qd1 Qc5 49. Nd3 Qc4 50. Kf1 Ng3+ 51. Kg2 Ne4 52. Ne5 Qc5 53. Qe2 d4 54. exd4 Qxd4 55. Ng6 Qd6 0-1


[Site "https://www.chess.com"]

[Event "Titled Tuesday Blitz April 12 Early 2022"]
[White "Lorparizangeneh, Shahin"]
[Black "Vokhidov, Shamsiddin"]
[WhiteFideId "12521604"]
[BlackFideId "14204223"]
[WhiteElo "2525"]
[BlackElo "2611"]
[Result "1/2-1/2"]
[Round "04"]
[TimeControl "180+1"]
[Date "2022.04.12"]
[WhiteClock "0:00:12"]
[BlackClock "0:00:09"]

1. d4 Nf6 2. c4 e6 3. g3 c5 4. Nf3 cxd4 5. Nxd4 Qb6 6. Bg2 Bc5 7. e3 Nc6 8. Nb5 d5 9. O-O O-O 10. cxd5 exd5 11. N5c3 Rd8 12. Na4 Qa5 13. Nxc5 Qxc5 14. Nd2 Bg4 15. Qa4 Nb4 16. Nb3 Qb6 17. Bd2 a5 18. Nxa5 Rxa5 19. Qxb4 Rb5 20. Qa3 Ne4 21. Bc3 Nxc3 22. bxc3 Rc8 23. h3 Be6 24. Rfd1 Qc7 25. Rac1 Ra5 26. Qb2 Rca8 27. Rb1 R8a7 28. Qb4 g6 29. Rd2 Rxa2 30. Rxa2 Rxa2 31. Qxb7 Qxc3 32. Bxd5 Bxd5 33. Qxd5 Rd2 34. Qf3 Qd3 35. Rb7 Qd5 36. Qxd5 Rxd5 37. Kg2 h5 38. g4 hxg4 39. hxg4 g5 40. Kg3 Kg7 41. Rb6 f6 42. f4 Rd3 43. Kf3 gxf4 44. Kxf4 Rd5 45. e4 Rc5 46. Rd6 Kf7 47. Rd5 Rc1 48. Ra5 Rf1+ 49. Kg3 Rg1+ 50. Kf3 Rf1+ 51. Kg2 Rf4 52. Kg3 Rxe4 53. g5 fxg5 54. Rxg5 Kf6 55. Rg4 Rxg4+ 56. Kxg4 1/2-1/2


[Site "https://www.chess.com"]

[Event "Titled Tuesday Blitz April 12 Early 2022"]
[White "Lou, Yiping"]
[Black "Noboa Silva, Kevin"]
[WhiteFideId "8603928"]
[BlackFideId "3618471"]
[WhiteElo "2412"]
[BlackElo "2172"]
[Result "1-0"]
[Round "04"]
[TimeControl "180+1"]
[Date "2022.04.13"]
[WhiteClock "0:01:49"]
[BlackClock "0:00:03"]

1. e4 e6 2. d4 d5 3. Nd2 c5 4. Ngf3 Nc6 5. exd5 exd5 6. Bb5 Qe7+ 7. Be2 Qc7 8. O-O Nf6 9. Re1 Be6 10. dxc5 Bxc5 11. Nb3 Bd6 12. h3 O-O 13. Nfd4 a6 14. Bf3 Rfe8 15. Nxe6 fxe6 16. Bg5 Qf7 17. c4 dxc4 18. Qxd6 cxb3 19. axb3 Rad8 20. Qc5 Nd4 21. Qc3 Qg6 22. Bxf6 gxf6 23. Bxb7 Rd6 24. Rxa6 Rxa6 25. Bxa6 e5 26. b4 Re7 27. b5 h5 28. b6 Rg7 29. Bc4+ Kh7 30. Bd5 Qf5 31. Be4 Nf3+ 32. Qxf3 1-0


[Site "https://www.chess.com"]

[Event "Titled Tuesday Blitz April 12 Early 2022"]
[White "Madaminov, Mukhiddin"]
[Black "Jaskolka, Tomasz"]
[WhiteFideId "14210703"]
[BlackFideId "1170791"]
[WhiteElo "1916"]
[BlackElo "2073"]
[Result "1-0"]
[Round "04"]
[TimeControl "180+1"]
[Date "2022.04.13"]
[WhiteClock "0:01:56"]
[BlackClock "0:00:08"]

1. d4 e6 2. Nc3 d5 3. Bf4 c6 4. e3 Nf6 5. Nf3 Be7 6. Bd3 Nbd7 7. O-O Nf8 8. Bg3 Ng6 9. e4 Nh5 10. e5 b6 11. Ne2 Bb7 12. c3 Nxg3 13. fxg3 O-O 14. h4 Re8 15. Bxg6 hxg6 16. Nf4 c5 17. Nh3 cxd4 18. cxd4 Rc8 19. Nfg5 Rf8 20. Rf2 Rc7 21. Qg4 Qc8 22. h5 Rc1+ 23. Rxc1 Qxc1+ 24. Kh2 Qb1 25. Nxf7 Rxf7 26. Qxe6 Qf5 27. Rxf5 gxf5 28. Nf4 Kf8 29. Qd7 Ba6 30. Ng6+ Kg8 31. Nxe7+ 1-0


[Site "https://www.chess.com"]

[Event "Titled Tuesday Blitz April 12 Early 2022"]
[White "Maevsky, Nikolay"]
[Black "Bettalli, Francesco"]
[WhiteFideId "4198220"]
[BlackFideId "2816453"]
[WhiteElo "2126"]
[BlackElo "2216"]
[Result "1-0"]
[Round "04"]
[TimeControl "180+1"]
[Date "2022.04.13"]
[WhiteClock "0:00:23"]
[BlackClock "0:00:08"]

1. d4 Nf6 2. Nf3 g6 3. c4 c5 4. Nc3 cxd4 5. Nxd4 Nc6 6. e4 d6 7. Be2 Nxd4 8. Qxd4 Bg7 9. Bg5 O-O 10. Qd2 a5 11. O-O a4 12. Rac1 Qa5 13. f3 Be6 14. Rfd1 Rfc8 15. Be3 Nd7 16. Rc2 Ne5 17. Nd5 Bxd5 18. cxd5 Qxd2 19. Rdxd2 Nd7 20. Bb5 Nc5 21. g4 b6 22. Kf1 Ra5 23. Bc6 Be5 24. h3 Ra7 25. Ke2 Bf6 26. Rc4 Rb8 27. Rb4 a3 28. Bd4 Bxd4 29. Rdxd4 axb2 30. Rxb2 Rc8 31. a4 Kg7 32. Rxb6 Kf6 33. h4 Ke5 34. Ke3 Kf6 35. g5+ Kg7 36. f4 Rcc7 37. Rc4 Ra5 38. Kd4 Rca7 39. Rbb4 f6 40. e5 fxe5+ 41. fxe5 Na6 42. Rb5 Nc5 43. Rxa5 Rxa5 44. Bb5 Nb3+ 45. Kc3 Nc5 46. Kb4 Ra8 47. Rxc5 dxc5+ 48. Kxc5 Kf7 49. Kb6 Rd8 50. Bc6 e6 51. d6 Rb8+ 52. Bb7 Ke8 53. Kc7 Rd8 54. Bc6+ 1-0


[Site "https://www.chess.com"]

[Event "Titled Tuesday Blitz April 12 Early 2022"]
[White "Maltsevskaya, Aleksandra"]
[Black "Kaminski, Victor"]
[WhiteFideId "24174041"]
[BlackFideId "1131630"]
[WhiteElo "2235"]
[BlackElo "2181"]
[Result "0-1"]
[Round "04"]
[TimeControl "180+1"]
[Date "2022.04.13"]
[WhiteClock "0:00:28"]
[BlackClock "0:01:02"]

1. e4 e5 2. Nf3 Nc6 3. Bb5 a6 4. Ba4 Nf6 5. O-O Be7 6. Re1 b5 7. Bb3 O-O 8. h3 Bb7 9. c3 d6 10. d4 Qd7 11. Nbd2 Rad8 12. Nf1 Rfe8 13. Ng3 h6 14. Be3 Bf8 15. Bc2 exd4 16. cxd4 Nb4 17. Bb1 Nxe4 18. Nh5 f5 19. Nh4 Qf7 20. Qf3 g6 21. Ng3 Bd5 22. Nxe4 Bxe4 23. Qg3 Kh7 24. a3 Bxb1 25. Raxb1 Nd5 26. Nf3 f4 27. Bxf4 Qxf4 28. Rxe8 Rxe8 0-1


[Site "https://www.chess.com"]

[Event "Titled Tuesday Blitz April 12 Early 2022"]
[White "Manelyuk, Daniil"]
[Black "Zanette, Edgard Vinicius"]
[WhiteFideId "44173920"]
[BlackFideId "2109263"]
[WhiteElo "2209"]
[BlackElo "2182"]
[Result "1-0"]
[Round "04"]
[TimeControl "180+1"]
[Date "2022.04.13"]
[WhiteClock "0:00:15"]
[BlackClock "0:00:17"]

1. e4 e5 2. Nf3 Nc6 3. Bb5 a6 4. Ba4 Nf6 5. O-O Be7 6. Re1 b5 7. Bb3 d6 8. c3 O-O 9. h3 Bb7 10. d4 Re8 11. Nbd2 Bf8 12. Bc2 g6 13. d5 Nb8 14. Nf1 c6 15. dxc6 Nxc6 16. Bg5 h6 17. Bxf6 Qxf6 18. Ne3 Ne7 19. Ng4 Qe6 20. Bb3 Qc8 21. Nf6+ Kg7 22. Nxe8+ Qxe8 23. Qxd6 Nc6 24. Qc7 Ra7 25. Rad1 Ba8 26. Qb6 Qe7 27. Bd5 Rc7 28. Qxa6 b4 29. Qxa8 bxc3 30. bxc3 Nd8 31. Bb3 Nc6 32. Ba4 Qc5 33. Bxc6 Rxc6 34. Rd8 Rc7 35. Nxe5 Qxe5 36. Rxf8 Qxc3 37. Rg8+ Kf6 38. Rd1 Qc6 39. Qd8+ Ke6 40. Re8+ 1-0


[Site "https://www.chess.com"]

[Event "Titled Tuesday Blitz April 12 Early 2022"]
[White "Mangialardo, Tiago Carvalho"]
[Black "Rudzinska, Michalina"]
[WhiteFideId "2130718"]
[BlackFideId "1172883"]
[WhiteElo "2038"]
[BlackElo "1904"]
[Result "1-0"]
[Round "04"]
[TimeControl "180+1"]
[Date "2022.04.13"]
[WhiteClock "0:00:04"]
[BlackClock "0:00:27"]

1. e4 c5 2. Nf3 d6 3. Bb5+ Bd7 4. Bxd7+ Qxd7 5. O-O Nf6 6. Qe2 Nc6 7. c3 g6 8. d4 Bg7 9. Bg5 cxd4 10. cxd4 O-O 11. Nc3 Rac8 12. Rfd1 h6 13. Bh4 a6 14. e5 Nh7 15. Nd5 dxe5 16. Nb6 Qe6 17. d5 Nd4 18. dxe6 Nxe2+ 19. Kf1 Rc2 20. Nd7 Re8 21. exf7+ Kxf7 22. Ndxe5+ Bxe5 23. Nxe5+ Kg7 24. Re1 Nf4 25. Bg3 Nd5 26. Rad1 e6 27. Nd7 Re7 28. Rxd5 Kf7 29. Ne5+ Kf6 30. Rd7 Rxd7 31. Nxd7+ Ke7 32. Ne5 g5 33. Nd3 Rd2 34. Re3 Nf6 35. Ke1 Rc2 36. Kd1 Rc8 37. Kd2 Nd5 38. Re5 Rd8 39. Ke2 b5 40. h4 Nb6 41. hxg5 Nc4 42. Re4 hxg5 43. Rg4 Rd5 44. b3 a5 45. bxc4 bxc4 46. Rxc4 Rb5 47. Rc5 Rb8 48. Rxa5 Rc8 49. Rxg5 Rc2+ 50. Ke3 Rxa2 51. Bh4 Kd6 52. Rg4 Ra5 53. Rg5 Ra2 54. Rg4 Ra1 55. Re4 Rg1 56. g4 Rh1 57. g5 Rh3+ 58. Ke2 e5 59. g6 Rh1 60. g7 Rg1 61. Bg3 Kd5 62. Rxe5+ Kd4 63. g8=Q Re1+ 64. Kxe1 Kxd3 65. Qd5+ Kc2 66. Re2+ Kb1 67. Qa2+ Kc1 68. Qb2# 1-0


[Site "https://www.chess.com"]

[Event "Titled Tuesday Blitz April 12 Early 2022"]
[White "Manukyan, Artyom"]
[Black "Ahmadzada, Ahmad"]
[WhiteFideId "13305786"]
[BlackFideId "13413007"]
[WhiteElo "2034"]
[BlackElo "2228"]
[Result "0-1"]
[Round "04"]
[TimeControl "180+1"]
[Date "2022.04.12"]
[WhiteClock "0:00:06"]
[BlackClock "0:00:09"]

1. e4 d5 2. exd5 Qxd5 3. Nf3 Nf6 4. d4 Bg4 5. Be2 e6 6. h3 Bh5 7. c4 Qd8 8. Qb3 Qc8 9. Nc3 c6 10. Be3 Nbd7 11. g4 Bg6 12. O-O-O Be7 13. g5 Ne4 14. h4 a5 15. h5 Bf5 16. Nxe4 Bxe4 17. Rh4 Bxf3 18. Bxf3 h6 19. Rg4 hxg5 20. Bxg5 Nf6 21. Rgg1 Qc7 22. Qe3 a4 23. Kb1 a3 24. b3 O-O-O 25. d5 exd5 26. cxd5 c5 27. Bf4 Bd6 28. Bg5 Rde8 29. Qd3 Nd7 30. Bg4 f6 31. Be3 Kb8 32. Bxd7 Qxd7 33. h6 gxh6 34. Rc1 b6 35. Qa6 Qb7 36. Qxb7+ Kxb7 37. Rg6 Be5 38. Rxh6 Rxh6 39. Bxh6 Bd4 40. Be3 Bxe3 41. Re1 Rd8 42. Rxe3 Rxd5 43. Rf3 Rd1+ 44. Kc2 Ra1 45. Rxf6 Rxa2+ 46. Kc3 Ra1 47. f4 Rc1+ 48. Kd2 a2 49. Rf7+ Kc6 50. Kxc1 a1=Q+ 51. Kc2 Qf1 52. Rf6+ Kb5 53. f5 Qe2+ 54. Kc1 Qe3+ 55. Kc2 Qe4+ 56. Kc1 Qd4 57. Re6 Qc3+ 58. Kd1 Qxb3+ 59. Ke2 Qc2+ 60. Ke3 Qxf5 61. Re4 Qxe4+ 62. Kxe4 c4 63. Kd4 Kb4 0-1


[Site "https://www.chess.com"]

[Event "Titled Tuesday Blitz April 12 Early 2022"]
[White "Marcinczyk, Monika"]
[Black "Hoffmann, Asa"]
[WhiteFideId "1192051"]
[BlackFideId "2001470"]
[WhiteElo "1786"]
[BlackElo "2117"]
[Result "0-1"]
[Round "04"]
[TimeControl "180+1"]
[Date "2022.04.13"]
[WhiteClock "0:00:02"]
[BlackClock "0:01:11"]

1. e4 d6 2. d4 Nf6 3. Nc3 c6 4. Bg5 Nbd7 5. Nf3 e5 6. dxe5 dxe5 7. Bc4 Bb4 8. O-O Qe7 9. Qd3 Nc5 10. Qe3 Be6 11. Bxe6 Nxe6 12. Nxe5 Nxg5 13. Qxg5 Bxc3 14. bxc3 O-O 15. Ng4 Rfe8 16. Nh6+ Kh8 17. Nf5 Qf8 18. f3 h6 19. Nxh6 Nh7 20. Nxf7+ Qxf7 21. Qh4 Qc4 22. Rad1 Qxc3 23. Rd7 Qxc2 24. Rxb7 Qxa2 25. Qg4 Rg8 26. h4 a5 27. h5 Qd2 28. Qg6 Qe3+ 29. Kh2 Qh6 30. Qxh6 gxh6 31. Rc1 Rgc8 32. e5 a4 33. e6 Nf6 0-1


[Site "https://www.chess.com"]

[Event "Titled Tuesday Blitz April 12 Early 2022"]
[White "Marcziter, Dmitrii"]
[Black "Piesik, Piotr"]
[WhiteFideId "13900765"]
[BlackFideId "1136194"]
[WhiteElo "2155"]
[BlackElo "2190"]
[Result "0-1"]
[Round "04"]
[TimeControl "180+1"]
[Date "2022.04.13"]
[WhiteClock "0:00:17"]
[BlackClock "0:01:14"]

1. d4 c5 2. d5 e5 3. e4 d6 4. Nc3 Be7 5. b3 Bg5 6. Bb2 a6 7. a4 Nd7 8. g3 Ne7 9. h4 Bh6 10. g4 Bf4 11. Nge2 h5 12. Nxf4 exf4 13. g5 Ng6 14. Be2 Nde5 15. Bxh5 Nxh4 16. Rg1 f3 17. Qd2 Ng2+ 18. Rxg2 fxg2 19. O-O-O Rxh5 20. f4 Bg4 21. Qxg2 Bxd1 22. fxe5 Qxg5+ 23. Qxg5 Rxg5 24. Kxd1 Rxe5 25. Kd2 Kd7 26. Kd3 Rh8 27. Nd1 Rh3+ 28. Ne3 Rg5 29. Bc1 Rgg3 30. Ke2 Rh2+ 31. Kd3 b5 32. axb5 axb5 33. Bb2 g6 34. e5 Rhh3 35. Bc1 dxe5 36. Ke4 f5+ 37. Kxe5 Rxe3+ 38. Bxe3 Rxe3+ 39. Kf6 Rc3 40. Kxg6 Rxc2 41. Kxf5 Kd6 42. Ke4 Rc3 43. b4 cxb4 0-1


[Site "https://www.chess.com"]

[Event "Titled Tuesday Blitz April 12 Early 2022"]
[White "Martinez Alcantara, Jose Eduardo"]
[Black "Korchmar, Vasiliy"]
[WhiteFideId "3805662"]
[BlackFideId "24131750"]
[WhiteElo "2690"]
[BlackElo "2370"]
[Result "1-0"]
[Round "04"]
[TimeControl "180+1"]
[Date "2022.04.12"]
[WhiteClock "0:00:11"]
[BlackClock "0:00:04"]

1. e4 c5 2. Nf3 d6 3. Bb5+ Nd7 4. c3 Nf6 5. Qe2 a6 6. Ba4 b5 7. Bc2 Bb7 8. d4 e6 9. O-O Be7 10. Re1 O-O 11. Nbd2 Qc7 12. Nf1 Rfc8 13. Bd3 Bf8 14. Ng3 g6 15. a4 b4 16. cxb4 cxb4 17. a5 Nb8 18. Bg5 Bg7 19. Qd2 Nc6 20. h4 Nxa5 21. Qxb4 Nc6 22. Qd2 Qb6 23. Bf1 Nb4 24. Qf4 Nd7 25. Red1 Nc2 26. Rab1 Nxd4 27. Qe3 Nxf3+ 28. Qxf3 Ne5 29. Qa3 Ng4 30. Rd2 d5 31. Qf3 h5 32. Bd3 Rc7 33. exd5 Bxd5 34. Be4 Rac8 35. Bxd5 Rc1+ 36. Rd1 Rxb1 37. Rxb1 exd5 38. Nf1 Bd4 39. Ne3 Nxe3 40. fxe3 Bg7 41. Qxd5 Re8 42. b4 Qe6 43. Qf3 Be5 44. Rf1 Bg7 45. Qb7 Rf8 46. Kh1 Re8 47. Rf3 f6 48. Bf4 Qg4 49. Qc6 Rc8 50. Qd5+ Kh7 51. Bg3 Rc1+ 52. Kh2 Qxb4 53. Qd7 Qb1 54. Bf2 Rh1+ 55. Kg3 Qb4 56. Rf4 Qb5 57. Qxb5 axb5 58. Rb4 Rc1 59. Rxb5 Rc7 60. Kf3 Re7 61. Bg3 Rf7 62. Bf4 Re7 63. Rb6 Rd7 64. Re6 Rf7 65. Rd6 Re7 66. Rc6 Rd7 67. Ke4 Re7+ 68. Kd5 Rd7+ 69. Ke6 Rd8 70. Rc7 Ra8 71. Bd6 Kg8 72. g3 Re8+ 73. Be7 Ra8 74. Rd7 Ra6+ 75. Bd6 Ra8 76. Rb7 Re8+ 77. Be7 Ra8 78. e4 Ra6+ 79. Bd6 Ra8 80. Rd7 Re8+ 81. Be7 Ra8 82. Rd8+ Rxd8 83. Bxd8 f5 84. exf5 gxf5 85. Kxf5 Bh6 86. Kg6 Bd2 87. Kxh5 Be1 88. g4 Kh7 89. g5 Kg8 90. Bf6 Kh7 91. Bd4 Kg8 92. Kg4 Kh7 93. h5 Kg8 94. g6 Bb4 95. h6 1-0


[Site "https://www.chess.com"]

[Event "Titled Tuesday Blitz April 12 Early 2022"]
[White "Martinovici, Ilia"]
[Black "Fathy, Elameir"]
[WhiteFideId "13907034"]
[BlackFideId "10600396"]
[WhiteElo "2282"]
[BlackElo "2311"]
[Result "1-0"]
[Round "04"]
[TimeControl "180+1"]
[Date "2022.04.13"]
[WhiteClock "0:00:28"]
[BlackClock "0:00:04"]

1. d4 d5 2. c4 c6 3. Nf3 Nf6 4. Nc3 dxc4 5. a4 Bf5 6. e3 e6 7. Bxc4 Bb4 8. O-O O-O 9. Qe2 Nbd7 10. e4 Bg6 11. e5 Nd5 12. Bd2 a5 13. g3 Bh5 14. h3 Be7 15. Bd3 Nb4 16. Bb1 c5 17. g4 Bg6 18. Bxg6 hxg6 19. Nb5 cxd4 20. Nbxd4 Rc8 21. Rad1 Qb6 22. Nb5 Rc2 23. Qe4 Qc6 24. Qxc6 bxc6 25. Bxb4 Bxb4 26. Nfd4 Rxb2 27. Nxc6 Nb6 28. Rb1 Rxb1 29. Rxb1 Nxa4 30. Nxb4 axb4 31. Rxb4 Nc5 32. Nd6 Nd3 33. Rb5 Rd8 34. Ne4 Nf4 35. Kh2 Rd3 36. Rb8+ Kh7 37. Ng5+ Kh6 38. Nxf7+ Kh7 39. Ng5+ Kh6 40. h4 1-0


[Site "https://www.chess.com"]